 Dungeon Crawl Stone Soup version 0.30.1-9-gdf580d7c3d (webtiles) character file.

Game seed: 13715117990237437508

2350 arthad the Covert (level 9, -4/46 HPs)
             Began as a Spriggan Brigand on Oct 3, 2023.
             Was a Priest of Okawaru.
             Killed from afar by Maggie (16 damage)
             ... with a bolt of fire
             ... on level 7 of the Dungeon on Oct 4, 2023.
             The game lasted 00:18:08 (6459 turns).

arthad the Covert (Spriggan Brigand)                Turns: 6459, Time: 00:18:09

Health: -4/46      AC:  3    Str:  7    XL:     9   Next: 20%
Magic:  0/12       EV: 24    Int: 12    God:    Okawaru [***...]
Gold:   360        SH:  0    Dex: 27    Spells: 8/8 levels left

rFire   . . .        s - +5 falchion of the Building Augurer {heavy, rCorr}
rCold   . . .        (no shield)
rNeg    . . .        b - +0 robe
rPois   .            (helmet restricted)
rElec   .            c - +0 cloak
rCorr   +            (gloves unavailable)
SInv    +            (boots unavailable)
Will    ++...        v - amulet of guardian spirit
Stlth   +++++        x - +6 ring of dexterity
HPRegen 0.27/turn    o - ring of willpower
MPRegen 0.13/turn

%: guardian spirit
@: weakened, attractive, mesmerised, very quick
A: very small, no large weapons, unfitting armour, see invisible, speed 3
a: Renounce Religion, Heroism


You were on level 7 of the Dungeon.
You worshipped Okawaru.
Okawaru was most pleased with you.
You visited 2 branches of the dungeon, and saw 8 of its levels.

You collected 360 gold pieces.

Inventory:

Hand Weapons
 a - a +2 dagger
 p - a +0 rapier
 s - the +5 falchion of the Building Augurer (weapon) {heavy, rCorr}
   (You found it on level 3 of the Dungeon)

   rCorr:     It protects you from acid and corrosion.
 F - a +5 shortbow
 H - the +6 shillelagh "Devastator" {shatter}
   (You found it on level 6 of the Dungeon)
Missiles
 z - 8 poisoned darts (quivered)
 A - 4 curare-tipped darts
 B - 2 throwing nets
 D - 9 boomerangs
Armour
 b - a +0 robe (worn)
 c - a +0 cloak (worn)
 y - the +5 chain mail of Disaster {Rampage Dex+3}
   (You found it on level 4 of the Dungeon)

   Dex:       It affects your dexterity (+3).
   Rampage:   It bestows one free step when moving towards enemies.
Jewellery
 n - a ring of protection from cold
 o - a ring of willpower (right hand)
 v - an amulet of guardian spirit (around neck)
 x - a +6 ring of dexterity (left hand)
Wands
 d - a wand of flame (11)
 G - a wand of quicksilver (10)
Scrolls
 e - a scroll of fog {unknown}
 h - 2 scrolls of identify
 j - a scroll of enchant armour {unknown}
 k - 3 scrolls of enchant weapon
 m - a scroll of torment
 q - a scroll of blinking {unknown}
 u - a scroll of noise {unknown}
 E - a scroll of amnesia {unknown}
 I - a scroll of immolation {unknown}
 J - a scroll of fear {unknown}
Potions
 f - 2 potions of attraction
 g - a potion of cancellation {unknown}
 i - a potion of resistance {unknown}
 l - a potion of flight {unknown}
 r - 2 potions of lignification {unknown}
 t - a potion of brilliance
 w - a potion of heal wounds {unknown}
 C - a potion of haste {unknown}


   Skills:
 * Level 4.7 Fighting
 * Level 6.1 Short Blades
 + Level 5.4 Throwing
 + Level 6.7 Dodging
 + Level 10.0 Stealth
 + Level 3.5 Invocations
 + Level 1.1 Evocations


You had 8 spell levels left.
You didn't know any spells.
Your spell library contained the following spells:

 Spells                   Type           Power      Damage    Failure   Level
 Kiss of Death            Conj/Necr      0%         2d5       32%         1
 Poisonous Vapours        Pois/Air       0%         N/A       45%         2
 Confusing Touch          Hex            0%         N/A       69%         3
 Frozen Ramparts          Ice            0%         1d1       69%         3
 Mephitic Cloud           Conj/Pois/Air  0%         N/A       69%         3
 Ozocubu's Armour         Ice            0%         N/A       69%         3
 Dispel Undead            Necr           0%         3d6       97%         4
 Ice Form                 Ice/Tmut       0%         N/A       97%         4
 Petrify                  Tmut/Erth      0%         N/A       97%         4
 Freezing Cloud           Conj/Ice/Air   0%         6-21      100%        5
 Metabolic Englaciation   Hex/Ice        0%         N/A       100%        5
 Statue Form              Tmut/Erth      0%         N/A       100%        6
 Ozocubu's Refrigeration  Ice            0%         4d7       100%        7
 Summon Ice Beast         Ice/Summ       Unusable   N/A       N/A         4

Dungeon Overview and Level Annotations

Branches:
Dungeon (7/15)             Temple (1/1) D:4

Altars:
Cheibriados
Dithmenos
Fedhas
Kikubaaqudgha
Makhleb
Nemelex Xobeh
Okawaru
Ru
Sif Muna
Uskayaw
Vehumet
Xom
Yredelemnul
Zin
The Shining One

Shops:
D:7 *

Annotations:
D:7 3 runed translucent doors, Maggie; monsoonserge's ghost, novice SpHu


Innate Abilities, Weirdness & Mutations

You are very small and have problems with some larger weapons.
You are too small for most types of armour.
You have supernaturally acute eyesight. (SInv)
You cover ground extremely quickly. (Speed+++)


Message History

The sky beast flickers out of sight for a moment.
The gnoll misses you. The gnoll bouda barely misses you.
You hit the gnoll bouda.
You kill the gnoll bouda!
Okawaru accepts your kill.
The gnoll hits you from afar with a +0 spear.
Maggie mumbles some strange words.
Maggie attempts to bespell you!
You are mesmerised by Maggie!
The gnoll barely misses you. The gnoll closely misses you.
Maggie gestures at you while chanting.
The bolt of fire hits the gnoll!!
The gnoll dies!
The hound dissolves into shadows!
The sky beast dissolves into shadows!
The bolt of fire hits you!!
You are too injured to fight recklessly!
You are too injured to fight recklessly!
You are too injured to fight recklessly!
You cannot move away from Maggie!
You cannot move away from Maggie!
Okay, then.
As you read the scroll labelled NARAUF POUCYIF, it crumbles to dust.
It is a scroll of identify.
k - 3 scrolls of enchant weapon The gnoll hits you with a +0 whip.
The gnoll completely misses you.
Maggie mutters to herself, "Master Lance won't take me back.
This is the way forward."
As you read the scroll labelled TOJOF IV BAXEF, it crumbles to dust.
Your body is wracked with pain!
* * * LOW HITPOINT WARNING * * *
The gnoll convulses!
Maggie convulses!
The gnoll convulses!
It was a scroll of torment.
The gnoll completely misses you. The gnoll barely misses you.
Maggie drinks a potion.
Maggie's spells are empowered!
It was a potion of attraction.
You feel attractive to monsters. The gnoll barely misses you.
The gnoll misses you.
Maggie says, "Leave now, and tell all of Margery's mercy!"
Maggie casts a spell at you. The bolt of fire hits you!!
You die...

##.....#.#8#..8.o#8#.
.....).#.###oW.o.###.
.......#.ooo#####o...
......#ooWo.o..oo...
......######+++#####
#..8.............
#................
..######......#.........
......)@##########......
....@.g...~≈≈≈≈ ##...#.
.......g~.≈≈≈≈≈ ##..#.
.....##.~≈≈≈≈≈# #####
..... #~~≈.~≈## ###.
..~~≈.## # ..~~~~.
..~~~~..


You could see Maggie (mesmerising, empowered), 2 orc warriors, 2 orc priests,
monsoonserge's ghost, 2 gnolls and 2 orcs.

Vanquished Creatures
  A water moccasin (D:6)
  An ice beast (D:6)
  A black bear (D:5)
  6 ogres
  A phantom (D:5)
  A centaur (D:5)
  A bullfrog (D:7)
  A gnoll sergeant (D:4)
  3 scorpions
  A wight (D:6)
  5 hounds
  2 jellies
  4 gnoll boudas
  2 orc priests (D:6)
  3 sleepcaps
  3 iguanas
  Ijyb (D:4)
  5 orc wizards
  Robin (D:4)
  19 gnolls
  9 adders
  A shadow imp (D:6)
  A white imp (D:5)
  An ufetubus (D:5)
  2 worms
  A dart slug (D:5)
  12 orcs
  6 endoplasms
  2 giant cockroaches
  4 goblins
  14 hobgoblins
  2 jackals (D:2)
  8 kobolds
  5 quokkas
  3 ball pythons
  7 bats
  A frilled lizard (D:1)
  8 rats
149 creatures vanquished.

Vanquished Creatures (others)
  A gnoll (D:7)
1 creature vanquished.

Grand Total: 150 creatures vanquished

Notes
Turn   | Place    | Note
-------+----------+-------------------------------------------
     0 | D:1      | arthad the Spriggan Brigand began the quest for the Orb.
     0 | D:1      | Reached XP level 1. HP: 10/10 MP: 2/2
    79 | D:1      | Reached skill level 6 in Stealth
   126 | D:1      | Reached XP level 2. HP: 15/15 MP: 3/3
   552 | D:2      | Identified the +8 chain mail "Tanuuzol" {Will+ Str+4 Dex-3
                  | SInv}
   569 | D:2      | Reached XP level 3. HP: 16/18 MP: 4/4
   690 | D:2      | Found a faded altar of an unknown god.
   832 | D:2      | Found a burning altar of Makhleb.
   897 | D:2      | Reached XP level 4. HP: 17/23 MP: 5/5
  1323 | D:3      | Identified the +5 falchion of the Building Augurer {heavy,
                  | rCorr}
  1774 | D:3      | Found a radiant altar of Vehumet.
  2008 | D:4      | Noticed a gnoll sergeant
  2154 | D:4      | Identified the +5 chain mail of Disaster {Rampage Dex+3}
  2220 | D:4      | Reached XP level 5. HP: 25/26 MP: 6/6
  2269 | D:4      | Reached skill level 7 in Stealth
  2291 | D:4      | Found a staircase to the Ecumenical Temple.
  2313 | Temple   | Entered the Ecumenical Temple
  2464 | Temple   | Became a worshipper of Warmaster Okawaru
  2543 | D:4      | Reached XP level 6. HP: 32/32 MP: 7/7
  2670 | D:4      | Noticed Robin
  2673 | D:4      | Noticed Ijyb
  2677 | D:4      | Killed Robin
  2818 | D:4      | Killed Ijyb
  3279 | D:5      | Entered Level 5 of the Dungeon
  3289 | D:5      | Reached * piety under Okawaru
  3290 | D:5      | Reached skill level 8 in Stealth
  3290 | D:5      | Reached XP level 7. HP: 36/36 MP: 8/8
  3602 | D:5      | Reached skill level 1 in Invocations
  3837 | D:5      | Reached skill level 5 in Dodging
  4011 | D:5      | Reached ** piety under Okawaru
  4012 | D:5      | Reached XP level 8. HP: 37/41 MP: 7/10
  4360 | D:5      | Reached skill level 5 in Short Blades
  4425 | D:6      | Reached skill level 9 in Stealth
  4608 | D:6      | Found a glowing golden altar of the Shining One.
  4610 | D:6      | Noticed an angel
  4620 | D:6      | Found a basalt altar of Yredelemnul.
  4622 | D:6      | Noticed a profane servitor
  4966 | D:6      | Found the +6 shillelagh "Devastator" {shatter}
  4987 | D:6      | Reached *** piety under Okawaru
  4988 | D:6      | Reached skill level 5 in Throwing
  5374 | D:6      | Reached XP level 9. HP: 46/46 MP: 12/12
  5688 | D:7      | Found Panlorej's Lightly-Used Armoury.
  5745 | D:7      | Received a gift from Okawaru
  6203 | D:7      | Reached skill level 10 in Stealth
  6203 | D:7      | Reached skill level 1 in Evocations
  6434 | D:7      | Found a runed translucent gate.
  6434 | D:7      | Noticed monsoonserge's ghost (novice SpHu)
  6435 | D:7      | Found a runed translucent gate.
  6436 | D:7      | Found a runed translucent gate.
  6452 | D:7      | Noticed Maggie
  6459 | D:7      | Killed from afar by Maggie

Illustrated notes

Levels and vault maps discovered:
D:1:      wander_arrival_desolate, layout_basic, minmay_indecisive_spiral
D:2:      layout_rooms, shapermc_ecumenical_altar_acropolis, basic_altar,
          grunt_ministairs_15
D:3:      layout_basic, old_standard_altar, kennysheep_generic_room_12
D:4:      layout_basic, minmay_temple_entry_glassed_door, nicolae_goblin_pals
D:5:      layout_basic
D:6:      minmay_inner_zag, layout_gridville, grunt_temple_overflow_holy_war,
          dilly_guarded_unrand_devastator
D:7:      layout_basic, biasface_ghost_orc_armoury, minmay_shop_damaged,
          chequers_serial_rivers_large_a, nicolae_alphabet_shops, uniq_joseph,
          uniq_duvessa, uniq_maggie
Temple:   hellmonk_temple_flake

Skill      XL: |  1  2  3  4  5  6  7  8  9 |
---------------+----------------------------+-----
Stealth        | 6 7 8 9 10 | 10.0
Dodging        | 2 3 4 5 6 |  6.7
Fighting       | 2 3 4 |  4.7
Short Blades   | 3 4 5 6 |  6.1
Throwing       | 3 4 5 |  5.4
Invocations    | 1 3 |  3.5
Evocations     | 1 |  1.1

Action                     |  1- 3 |  4- 6 |  7- 9 || total
---------------------------+-------+-------+-------++-------
  Melee: Dagger            |   110 |    20 |       ||   130
         Punch             |     1 |       |     2 ||     3
         Falchion          |       |    74 |   158 ||   232
  Throw: Dart              |    13 |    39 |    54 ||   106
    Use: Scroll            |       |       |     2 ||     2
         Potion            |       |       |     1 ||     1
   Stab: Sleeping          |    10 |     7 |    14 ||    31
         Distracted        |       |     1 |     1 ||     2
 Armour: Robe              |     8 |     7 |    17 ||    32
  Dodge: Dodged            |    66 |   110 |   251 ||   427
